 Dungeon Crawl Stone Soup version 0.27.1-1-g398f81649c (webtiles) character file.

Game seed: 2936727925364662922

92 GravelGoth the Sneak (level 4, -1/30 HPs)
             Began as an Octopode Brigand on Sept 14, 2021.
             Killed from afar by an orc wizard (8 damage)
             ... with a magic dart
             ... on level 3 of the Dungeon.
             The game lasted 00:04:35 (2059 turns).

GravelGoth the Sneak (Octopode Brigand)             Turns: 2059, Time: 00:04:35

Health: -1/30      AC:  1    Str: 10    XL:     4   Next: 60%
Magic:  4/4        EV: 13    Int: 13    God:
Gold:   92         SH:  0    Dex: 14    Spells: 3/3 levels left

rFire    . . .     SeeInvis .   h - +0 spear
rCold    . . .     Faith    .   (no shield)
rNeg     . . .     Spirit   .   (helmet restricted)
rPois    .         Reflect  .   (no amulet)
rElec    .         Harm     .   (no ring)
rCorr    .         Rampage  .   (no ring)
Will     .....                  (no ring)
Stlth    ++++......             (no ring)
HPRegen  0.10/turn              (no ring)
MPRegen  0.09/turn              (no ring)
                                (no ring)
                                (no ring)

@: studying Fighting
A: almost no armour, amphibious, 8 rings, camouflage 1, gelatinous body 1,
(nimble swimmer 1), tentacles
a: no special abilities


You were on level 3 of the Dungeon.
You visited 1 branch of the dungeon, and saw 3 of its levels.

You collected 92 gold pieces.

Inventory:

Hand Weapons
 a - a +2 dagger
 h - a +0 spear (weapon)
Missiles
 b - 8 poisoned darts (quivered)
 c - 2 curare-tipped darts
Jewellery
 g - a ring of ice
Scrolls
 d - a scroll of immolation {unknown}
 f - 2 scrolls of fog {unknown}
 i - a scroll of identify {unknown}
Potions
 e - a potion of flight {unknown}
 j - a potion of ambrosia {unknown}


   Skills:
 * Level 2.9 Fighting
 - Level 2.6 Short Blades
 * Level 1.5 Polearms
 - Level 2.0 Throwing
 + Level 1.3 Dodging
 - Level 6.6 Stealth


You had 3 spell levels left.
You didn't know any spells.
Your spell library was empty.

Dungeon Overview and Level Annotations

Branches:
Dungeon (3/15)

Altars:


Innate Abilities, Weirdness & Mutations

You cannot wear most types of armour.
You are amphibious.
You can wear up to eight rings at the same time.
Your skin changes colour to match your surroundings (Stealth+).
Your rubbery body absorbs attacks. (AC +1, EV +1)
((You are camouflaged near water. (Stealth+)))
You have tentacles for arms and can constrict up to eight enemies at once.


Message History

The orc is lightly wounded.
You hit the orc. Your grab misses the orc.
The orc is moderately wounded.
The orc misses you.
You hit the orc but do no damage. You grab the orc.
The orc is moderately wounded.
You constrict the orc, but do no damage.
The orc closely misses you.
You hit the orc but do no damage.
The orc is moderately wounded.
You constrict the orc. The orc closely misses you.
You barely miss the orc wizard. Your grab misses the orc wizard.
Your squeeze misses the orc wizard.
You constrict the orc, but do no damage.
The orc hits you with a +0 hand axe.
The orc wizard hits you with a +0 dagger of holy wrath.
An orc comes into view. It is wielding a +0 dagger of speed.
The orc shouts!
You hit the orc wizard but do no damage.
Your grab misses the orc wizard. You constrict the orc.
The orc struggles to escape constriction.
You barely miss the orc wizard. You grab the orc wizard.
You constrict the orc, but do no damage.
You constrict the orc wizard. The orc hits you with a +0 hand axe!
The orc wizard hits you with a +0 dagger of holy wrath.
You closely miss the orc. You grab the orc. You squeeze the orc.
The orc is heavily wounded.
You constrict the orc. x2; You constrict the orc wizard.
The orc barely misses you. x2
The orc wizard hits you with a +0 dagger of holy wrath.
You hit the orc wizard.
The orc wizard is heavily wounded.
You constrict the orc.
You kill the orc!
You constrict the orc. You constrict the orc wizard.
The orc hits you with a +0 short sword.
* * * LOW HITPOINT WARNING * * *
The orc wizard casts a spell at you. The magic dart hits you!
You die...

#o #o #o #. #.
##.###.########
......o)@.....#
.......oo.....#
.......#####..#
...##.# #..# .#
#. #..# # #..#
#..# #..# #..#


You could see an orc wizard and 2 orcs.

Vanquished Creatures
  Jessica (D:2)
  An adder (D:2)
  2 worms (D:2)
  A dart slug (D:2)
  2 orcs (D:3)
  8 bats
  4 endoplasms
  5 giant cockroaches
  6 hobgoblins
  2 jackals (D:3)
  2 quokkas (D:1)
  6 ball pythons
  4 kobolds
  2 rats (D:1)
46 creatures vanquished.

Notes
Turn   | Place    | Note
-------+----------+-------------------------------------------
     0 | D:1      | GravelGoth the Octopode Brigand began the quest for the
                  | Orb.
     0 | D:1      | Reached XP level 1. HP: 14/14 MP: 1/1
   150 | D:1      | Reached XP level 2. HP: 19/19 MP: 2/2
   350 | D:1      | Reached skill level 6 in Stealth
   781 | D:1      | Found a faded altar of an unknown god.
  1034 | D:1      | Reached XP level 3. HP: 22/24 MP: 3/3
  1394 | D:2      | Noticed Jessica
  1447 | D:2      | Killed Jessica
  1448 | D:2      | Reached skill level 1 in Polearms
  1448 | D:2      | Reached XP level 4. HP: 27/30 MP: 4/4
  2059 | D:3      | Killed from afar by an orc wizard

Illustrated notes

Levels and vault maps discovered:
D:1:      dpeg_arrival_leaves_temple_mockup, layout_loops_ring,
          shapermc_ecumenical_altar_hornbeckon
D:2:      layout_basic, chequers_decorated_corner, uniq_jessica
D:3:      layout_loops_ring

Skill      XL: |  1  2  3 |
---------------+----------+-----
Stealth        | 6 |  6.6
Polearms       | 1 |  1.5
Fighting       | |  2.9
Short Blades   | |  2.6
Throwing       | |  2.0
Dodging        | |  1.3

Action                   |  1- 3 |  4- 6 || total
-------------------------+-------+-------++-------
Melee: Dagger            |    50 |       ||    50
       Constrict         |     6 |    10 ||    16
       Tentacles         |     5 |     8 ||    13
       Spear             |     5 |    45 ||    50
 Stab: Sleeping          |    19 |     5 ||    24
Armor: Skin              |     3 |     2 ||     5
Dodge: Dodged            |    18 |    12 ||    30
